 Dungeon Crawl Stone Soup version 0.20.1-1-g8b1a95d66d (webtiles) character file.

9 NullDivider the Charlatan (level 2, -3/18 HPs)
             Began as an Octopode Artificer on Dec 11, 2017.
             Slain by an adder (5 damage)
             ... on level 1 of the Dungeon.
             The game lasted 00:01:24 (631 turns).

NullDivider the Charlatan (Octopode Artificer)       Turns: 631, Time: 00:01:24

Health: -3/18      AC:  1    Str: 11    XL:     2   Next: 12%
Magic:  4/4        EV: 13    Int: 13    God:
Gold:   45         SH:  0    Dex: 12    Spells: 1/1 levels left

rFire    . . .     SeeInvis .   a - +0 short sword
rCold    . . .     Gourm    .   (no shield)
rNeg     . . .     Faith    .   (helmet restricted)
rPois    .         Spirit   .   (no amulet)
rElec    .         Reflect  .   (no ring)
rCorr    .         Harm     .   (no ring)
MR       .....                  (no ring)
Stlth    +++.......             (no ring)
Regen    0.1/turn               (no ring)
MPRegen  0.1/turn               (no ring)
                                (no ring)
                                (no ring)

@: lethally poisoned (-3 -> -6)
A: almost no armour, stealthy swim, amphibious, 8 rings, constrict 8, camouflage
1, gelatinous body 1
a: no special abilities


You were on level 1 of the Dungeon.
You were not hungry.

You visited 1 branch of the dungeon, and saw 2 of its levels.

You collected 45 gold pieces.

Inventory:

Hand Weapons
 a - a +0 short sword (weapon)
Wands
 b - a wand of flame (14/48)
 c - a wand of enslavement (15/24)
 d - a wand of random effects (15/48)
Scrolls
 e - a scroll of remove curse {unknown}
 h - a scroll of amnesia {unknown}
 j - a scroll of identify {unknown}
Potions
 g - a potion of flight {unknown}
Comestibles
 f - a bread ration
 i - 2 chunks of flesh


   Skills:
 + Level 1.3 Fighting
 + Level 1.2 Short Blades
 + Level 2.2 Dodging
 * Level 2.1 Stealth
 + Level 3.2 Evocations


You had one spell level left.
You didn't know any spells.

Dungeon Overview and Level Annotations

Branches:
Dungeon (2/15)

Altars:
Nemelex Xobeh


Innate Abilities, Weirdness & Mutations

You cannot wear most types of armour.
You are very stealthy in the water. (Stealth+)
You are amphibious.
You can wear up to eight rings at the same time.
You can use your tentacles to constrict eight enemies at once.
Your skin changes colour to match your surroundings (Stealth+).
Your rubbery body absorbs attacks. (AC +1, EV +1)


Message History

You hit the adder but do no damage. Your grab misses the adder.
The adder is lightly wounded.
You feel sick. The bat barely misses you. The adder bites you.
* * * LOW HITPOINT WARNING * * *
The bat barely misses you. The adder barely misses you. The bat misses you.
There is a stone staircase leading up here.
* * * LOW HITPOINT WARNING * * *
You feel sick. The bat hits you but does no damage. The adder bites you.
* * * LOW HITPOINT WARNING * * *
You climb upwards.
There is a stone staircase leading down here.
Evoke which item? (* to show all) (? for menu, Esc to quit)
Aiming: Throw Flame
Press: ? - help, Shift-Dir - straight line, f - adder
Aim: an adder (lightly wounded)
The puff of flame misses the adder.
This wand has 14 charges left.
* * * LOW HITPOINT WARNING * * *
You feel sick. The adder completely misses you. The adder bites you.
You die...

##.....## #...##.#..#.#.#
#.[.....#####..#.##.#.#.#
.........###.....##.#.#.#
..........##.#...##.#.#.#
...........#+##..#..#.#.###
............###..#.##.#...###
....<............#..#.......#
............##............#.#
...........##..S@#...######(#
..........###.##............#
.........## #.##.##.#########
#.......'# #............#
##.....#########.........#
########.....##.........#
#.....##.........#
#................#
#.....###........#


You could see an adder.

Vanquished Creatures
  A ball python (D:1)
  2 bats (D:1)
  A goblin (D:1)
  A frilled lizard (D:1)
  A kobold (D:1)
  3 rats (D:1)
9 creatures vanquished.

Notes
Turn   | Place    | Note
-------+----------+-------------------------------------------
     0 | D:1      | NullDivider the Octopode Artificer began the quest for the Orb.
     0 | D:1      | Reached XP level 1. HP: 13/13 MP: 3/3
   520 | D:1      | Reached XP level 2. HP: 18/18 MP: 4/4
   624 | D:2      | Found a sparkling altar of Nemelex Xobeh.
   631 | D:1      | Slain by an adder

Skill      XL: |  1 |
---------------+----+-----
Stealth        | 2 |  2.1
Fighting       | |  1.3
Short Blades   | |  1.2
Dodging        | |  2.2
Evocations     | |  3.2

Action                   || total
-------------------------++-------
Melee: Short sword       ||    19
       Constrict         ||     5
       Tentacles         ||     4
Evoke: Wand              ||     1
 Stab: Sleeping          ||     2
Armor: Skin              ||     1
Dodge: Dodged            ||    23
